 Dungeon Crawl Stone Soup version 0.24.0-1-gfbc8707122 (webtiles) character file.

Game seed: 5025412492422762451, levelgen mode: deterministic

1265 Mrkan the Chopper (level 8, -1/73 HPs)
             Began as a Deep Dwarf Fighter on Oct 26, 2019.
             Was an Initiate of Makhleb.
             Slain by Prince Ribbit (13 damage)
             ... on level 5 of the Dungeon.
             The game lasted 00:11:59 (4472 turns).

Mrkan the Chopper (Deep Dwarf Fighter)              Turns: 4472, Time: 00:12:00

Health: -1/73      AC: 12    Str: 22    XL:     8   Next: 27%
Magic:  6/6        EV:  8    Int:  9    God:    Makhleb [......]
Gold:   310        SH: 10    Dex: 12    Spells: 7/7 levels left

rFire    . . .     SeeInvis .   a - +0 war axe
rCold    . . .     Gourm    .   c - +0 shield
rNeg     . . .     Faith    .   E - +0 chain mail
rPois    .         Spirit   .   (no helmet)
rElec    .         Reflect  .   (no cloak)
rCorr    .         Harm     .   B - +0 pair of gloves
MR       +....                  x - +0 pair of boots
Stlth    ..........             (no amulet)
HPRegen  0.00/turn              (no ring)
MPRegen  0.10/turn              (no ring)

@: non-regenerating
A: damage resistance, heal wounds, sense surroundings 1, no regeneration
a: Heal Wounds, Renounce Religion


You were on level 5 of the Dungeon.
You worshipped Makhleb.
Makhleb was noncommittal.
You were not hungry.

You visited 2 branches of the dungeon, and saw 8 of its levels.

You collected 310 gold pieces.

Inventory:

Hand Weapons
 a - a +0 war axe (weapon)
 h - a +2 hand axe of flaming
Armour
 c - a +0 shield (worn)
 x - a +0 pair of boots (worn)
 B - a +0 pair of gloves (worn)
 E - a +0 chain mail (worn)
Jewellery
 e - a +5 ring of intelligence {unknown}
 l - a +3 ring of intelligence {unknown}
 w - an uncursed ring of fire {unknown}
 y - an uncursed ring of positive energy {unknown}
 D - an uncursed ring of see invisible {unknown}
Wands
 r - a wand of acid (4)
Scrolls
 g - 3 scrolls of blinking {unknown}
 i - a scroll of fog {unknown}
 j - 4 scrolls of teleportation {unknown}
 k - 4 scrolls of remove curse {unknown}
 n - a scroll of amnesia {unknown}
 o - a scroll of enchant armour {unknown}
 q - a scroll of identify {unknown}
 t - 3 scrolls of enchant weapon {unknown}
 u - 2 scrolls of fear {unknown}
 v - a scroll of noise {unknown}
Potions
 d - 3 potions of might
 m - a potion of heal wounds {unknown}
 p - 3 potions of agility {unknown}
 s - 3 potions of curing
 z - a potion of cancellation {unknown}
 C - a potion of resistance {unknown}
Comestibles
 b - 4 chunks of flesh
 f - 11 rations


   Skills:
 + Level 4.5 Fighting
 * Level 6.3 Axes
 + Level 5.3 Armour
 + Level 3.9 Dodging
 + Level 5.4 Shields
 + Level 3.5 Invocations


You had 7 spell levels left.
You didn't know any spells.
Your spell library was empty.

Dungeon Overview and Level Annotations

Branches:
Dungeon (7/15)             Temple (1/1) D:4

Altars:
Ashenzari
Hepliaklqana
Makhleb
Okawaru
Ru
Yredelemnul
Zin

Annotations:
D:5 Prince Ribbit


Innate Abilities, Weirdness & Mutations

You are resistant to damage.
You can heal yourself by infusing magical energy.
You passively map a small area around you.
You do not regenerate.


Message History

You slash Prince Ribbit!
Prince Ribbit is moderately wounded.
Prince Ribbit barely misses you. x2
You hit Prince Ribbit.
Prince Ribbit is moderately wounded.
Prince Ribbit hits you. x2
You miss Prince Ribbit.
Prince Ribbit is moderately wounded.
Prince Ribbit hits you! Prince Ribbit hits you.
You miss Prince Ribbit.
Prince Ribbit is moderately wounded.
Prince Ribbit hits you!
* * * LOW HITPOINT WARNING * * *
You slash Prince Ribbit!
Prince Ribbit is severely wounded.
Prince Ribbit croaks regally.
You block Prince Ribbit's attack.
Prince Ribbit croaks regally.
Prince Ribbit hits you!
You die...

#.## #.........# ##.###)#^....
#.# ##.##.###.# #.# #.####.# #.#
#.##.###.# #.# #.# #.# #.#
#.##..##.# ##'###.####.. #.#
#.###.##.# ##...##......# #.#
#.###.##.###.....######.# #.#
#.##..##.##.......## #<)
#)#######........#........)####..
..).............@F........)'.....
#.#########...####........)####..
..# ##..## ##.......## #.. ###
###.[.# ##.....## ##. # #.....#
##...## #. # #.#...# ##'## #. #
#.##### #.# #. # #.# #.# #. # #.#
##.## #.


You could see Prince Ribbit.

Vanquished Creatures
  Eustachio (D:4)
  A water moccasin (D:5)
  An ice beast (D:5)
  An ogre (D:5)
  Blork the orc (D:5)
  2 crimson imps (D:5)
  4 hounds
  2 orc priests
  6 orc wizards (D:5)
  3 worker ants (D:5)
  A hound zombie (D:6)
  7 gnolls
  A howler monkey skeleton (D:5)
  8 adders
  A shadow imp (D:6)
  2 oozes
  3 worms
  3 dart slugs
  5 leopard geckos
  13 orcs
  5 giant cockroaches
  5 hobgoblins
  13 jackals
  8 kobolds
  A quokka (D:4)
  A ball python (D:2)
  7 bats
  5 frilled lizards
  7 goblins
  A quokka zombie (D:5)
  7 rats
126 creatures vanquished.

Vanquished Creatures (others)
  5 toadstools (D:1)
5 creatures vanquished.

Grand Total: 131 creatures vanquished

Notes
Turn   | Place    | Note
-------+----------+-------------------------------------------
     0 | D:1      | Mrkan the Deep Dwarf Fighter began the quest for the Orb.
     0 | D:1      | Reached XP level 1. HP: 20/20 MP: 1/1
    86 | D:1      | Reached XP level 2. HP: 20/27 MP: 2/2
   328 | D:1      | Reached skill level 1 in Dodging
   328 | D:1      | Reached XP level 3. HP: 14/34 MP: 2/2
   329 | D:1      | Reached skill level 3 in Axes
   679 | D:2      | Reached XP level 4. HP: 29/42 MP: 3/3
   980 | D:2      | Found a faded altar of an unknown god.
  1032 | D:2      | Reached XP level 5. HP: 17/49 MP: 4/4
  1034 | D:2      | Reached skill level 4 in Axes
  1823 | D:3      | Found a hazy altar of Hepliaklqana.
  1958 | D:3      | Reached XP level 6. HP: 26/56 MP: 5/5
  2496 | D:4      | Found a staircase to the Ecumenical Temple.
  2505 | Temple   | Entered the Ecumenical Temple
  2517 | Temple   | Became a worshipper of Makhleb the Destroyer
  3007 | D:5      | Entered Level 5 of the Dungeon
  3007 | D:5      | Noticed Blork the orc
  3007 | D:5      | Noticed Eustachio
  3030 | D:4      | Killed Eustachio
  3030 | D:4      | Reached skill level 1 in Invocations
  3071 | D:5      | Killed Blork the orc
  3071 | D:5      | Reached skill level 5 in Axes
  3095 | D:5      | Reached XP level 7. HP: 21/63 MP: 7/7
  3512 | D:5      | You fall into a shaft and drop 2 floors!
  3587 | D:7      | Found a sacrificial altar of Ru.
  3587 | D:7      | Found a shattered altar of Ashenzari.
  3697 | D:5      | Reached skill level 5 in Shields
  3800 | D:5      | Reached skill level 5 in Armour
  3815 | D:5      | Reached skill level 6 in Axes
  3815 | D:5      | Reached XP level 8. HP: 25/73 MP: 7/7
  4064 | D:5      | Noticed Prince Ribbit
  4472 | D:5      | Slain by Prince Ribbit

Levels and vault maps discovered:
D:1:      ldierk_walled_garden, layout_rooms, minmay_misc_feat_diagonals,
          grunt_decor_resistance, amethyst_killhole
D:2:      layout_loops_ring, chequers_ecumenical_altar_twisty
D:3:      layout_basic, lemuel_round_altar
D:4:      layout_loops_corners, minmay_temple_entry_statues_fountains
D:5:      layout_loops_corners, first_ration, uniq_blork_the_orc,
          uniq_prince_ribbit1, uniq_eustachio
D:6:      layout_basic, uniq_crazy_yiuf_cottage
D:7:      layout_basic, gammafunk_temple_overflow_pools, grunt_gozag_statues,
          uniq_pikel
Temple:   regret_index_temple_sphere_string

Skill      XL: |  1  2  3  4  5  6  7 |
---------------+----------------------+-----
Fighting       | 3 4 |  4.5
Dodging        | 1 2 3 |  3.9
Axes           | 3 4 5 6 |  6.3
Shields        | 4 5 |  5.4
Armour         | 4 5 |  5.3
Invocations    | 1 3 |  3.5

Action                   |  1- 3 |  4- 6 |  7- 9 || total
-------------------------+-------+-------+-------++-------
Melee: War axe           |   113 |   220 |   192 ||   525
 Abil: Heal Wounds       |     2 |     4 |     7 ||    13
  Eat: Chunk             |       |     5 |     4 ||     9
       Ration            |       |     1 |       ||     1
Armor: Scale mail        |    56 |   122 |    56 ||   234
       Chain mail        |       |       |    16 ||    16
Dodge: Dodged            |    55 |   106 |    65 ||   226
Block: Shield            |    76 |   158 |   106 ||   340
